 Dungeon Crawl Stone Soup version 0.31-a0-750-gfe7b580527 (webtiles) character file.

Game seed: 658786220258472892

728 cforsyth the Trooper (level 8, -2/62 HPs)
             Began as a Djinni Delver on Sept 14, 2023.
             Slain by an ice beast (10 damage)
             ... on level 6 of the Dungeon.
             The game lasted 00:06:17 (4756 turns).

cforsyth the Trooper (Djinni Delver)                Turns: 4756, Time: 00:06:17

Health: -2/62      AC:  3    Str: 11    XL:     8   Next: 3%
Gold:   314        EV: 12    Int: 15    God:
                   SH:  0    Dex: 14

rFire   + + .        a - +0 falchion
rCold   x . .        (no shield)
rNeg    . . .        b - +0 leather armour
rPois   ∞            (no helmet)
rElec   .            (no cloak)
rCorr   .            (no gloves)
SInv    .            (boots unavailable)
Will    .....        (no amulet)
Stlth   ++           (no ring)
HPRegen 0.30/turn    (no ring)
MPRegen 0.00/turn

%: infuse magic (-3 HP)
@: flying
A: sickness immunity, fire resistance 2, cold vulnerability 1, float, innate
caster, HP casting, extra vitality 1
a: no special abilities


You were on level 6 of the Dungeon.
You visited 2 branches of the dungeon, and saw 6 of its levels.

You collected 314 gold pieces.

Inventory:

Hand Weapons
 a - a +0 falchion (weapon)
Missiles
 m - a throwing net
Armour
 b - a +0 leather armour (worn)
Jewellery
 s - a ring of positive energy
Wands
 g - a wand of digging (3)
 q - a wand of roots (5)
 r - a wand of mindburst (7)
Scrolls
 c - a scroll of fog
 d - a scroll of revelation
 e - a scroll of fear
 h - a scroll of torment {unknown}
 j - a scroll of teleportation {unknown}
 k - a scroll of blinking {unknown}
 l - 3 scrolls of silence {unknown}
 o - a scroll of identify {unknown}
 t - a scroll of vulnerability {unknown}
 u - a scroll of enchant weapon {unknown}
Potions
 f - 2 potions of haste
 i - a potion of ambrosia {unknown}
 n - 2 potions of curing {unknown}
 p - a potion of lignification {unknown}
 v - a potion of heal wounds {unknown}


   Skills:
 + Level 6.5 Fighting
 - Level 1.7 Long Blades
 - Level 2.1 Dodging
 - Level 4.1 Stealth
 + Level 4.1 Spellcasting
 + Level 4.1 Conjurations
 + Level 4.1 Hexes
   Level 0.0 Charms
 + Level 4.1 Summonings
 + Level 4.1 Necromancy
 + Level 4.1 Translocations
 + Level 4.1 Transmutations
 + Level 4.1 Fire Magic
 + Level 4.1 Ice Magic
 + Level 4.1 Air Magic
 + Level 4.1 Earth Magic
 + Level 4.1 Poison Magic


You knew the following spells:

 Your Spells              Type           Power      Damage    Failure   Level
a - Shock                 Conj/Air       60%        1d6       4%          1
b - Call Imp              Summ           30%        N/A       7%          2
c - Static Discharge      Conj/Air       30%        2-4/arc   7%          2
Your spell library was empty.

Dungeon Overview and Level Annotations

Branches:
Dungeon (6/15)             Temple (1/1) D:4

Altars:
Cheibriados
Dithmenos
Elyvilon
Fedhas
Gozag
Makhleb
Okawaru
Qazlal
Ru
Trog
Uskayaw
Wu Jian
Yredelemnul
Zin
The Shining One

Shops:
D:5 :


Innate Abilities, Weirdness & Mutations

You are immune to sickness and miasma.
You are immune to poison.
Your flesh is very heat resistant. (rF++)
You are vulnerable to cold. (rC-)
You float through the air rather than walking.
You learn spells naturally, not from books.
Your magical power is your life essence.
You have superior vitality. (+4 MHP)


Message History

No target in view!
You now have 314 gold pieces (gained 14).
Found a ring mail.
Found a short sword.
Found a trident.
Found a stone staircase leading down.
An ice beast comes into view.
Found a club and a wooden wand.
You see here a scroll labelled MUNETO OHEYMI.
An ice beast is nearby!
Found 8 gold pieces.
The ice beast hits you but does no damage.
You see here 6 gold pieces.
You hit the ice beast but do no damage. The ice beast misses you.
The ice beast closely misses you.
You closely miss the ice beast. The ice beast hits you.
The ice beast freezes you!!
You feel a terrible chill!
You hit the ice beast but do no damage. The ice beast closely misses you.
You hit the ice beast but do no damage. The ice beast barely misses you.
Aiming: Mindburst
Press: ? - help, Shift-Dir - straight line, f - ice beast
Aim: an ice beast (chance to affect: 64%)
The ice beast struggles to resist.
The ice beast hits you. The ice beast freezes you!
You feel a terrible chill!
Aiming: Mindburst
Press: ? - help, Shift-Dir - straight line, f/p - ice beast
Aim: an ice beast (chance to affect: 64%)
The ice beast struggles to resist.
The ice beast closely misses you.
Aiming: Mindburst
Press: ? - help, Shift-Dir - straight line, f/p - ice beast
Aim: an ice beast (chance to affect: 64%)
The ice beast's mind is blasted!!
The ice beast hits you. The ice beast freezes you!!
You feel a terrible chill!
* * * LOW HITPOINT WARNING * * *
Aiming: Mindburst
Press: ? - help, Shift-Dir - straight line, f/p - ice beast
Aim: an ice beast (almost dead, chance to affect: 64%)
The ice beast struggles to resist.
The ice beast hits you.
* * * LOW HITPOINT WARNING * * *
The ice beast freezes you!
You feel a terrible chill!
You die...

#(...###.....)......###....#
#.....)...#.........#...####
#.. $.....#.................
......#..........#######
.........[......##
.........?.####.#
.....#.....# ..#
..........)#+####
.......@.......
......)Y........
...........!....
........>.......
......./........
......#####..... ...... ....
...... ...


You could see an ice beast.

Vanquished Creatures
  A wyvern (D:6)
  An ogre (D:5)
  2 scorpions
  A sleepcap (D:5)
  An orc wizard (D:6)
  8 adders
  2 white imps (D:6)
  3 dart slugs
  8 orcs
  3 ball pythons
  3 endoplasms
  3 giant cockroaches
  7 goblins
  3 hobgoblins (D:2)
  2 jackals (D:3)
  5 kobolds
  2 quokkas
  2 bats (D:3)
  4 frilled lizards (D:3)
  A rat (D:2)
62 creatures vanquished.

Vanquished Creatures (collateral kills)
  A black bear (D:5)
  An ogre (D:5)
2 creatures vanquished.

Grand Total: 64 creatures vanquished

Notes
Turn   | Place    | Note
-------+----------+-------------------------------------------
     0 | D:5      | cforsyth the Djinni Delver began the quest for the Orb.
     0 | D:5      | Reached XP level 1. HP: 20/20 MP: 0/0
   212 | D:4      | HP: 1/20 [orc/+0 club (2)]
   301 | D:4      | Found a staircase to the Ecumenical Temple.
   311 | Temple   | Entered the Ecumenical Temple
   315 | D:4      | Reached XP level 2. HP: 25/25 MP: 0/0
   329 | D:4      | Reached skill level 1 in Spellcasting
   329 | D:4      | Reached skill level 1 in Conjurations
   329 | D:4      | Reached skill level 1 in Hexes
   329 | D:4      | Reached skill level 1 in Summonings
   329 | D:4      | Reached skill level 1 in Necromancy
   329 | D:4      | Reached skill level 1 in Translocations
   329 | D:4      | Reached skill level 1 in Transmutations
   329 | D:4      | Reached skill level 1 in Fire Magic
   329 | D:4      | Reached skill level 1 in Ice Magic
   329 | D:4      | Reached skill level 1 in Air Magic
   329 | D:4      | Reached skill level 1 in Earth Magic
   329 | D:4      | Reached skill level 1 in Poison Magic
   598 | D:4      | Noticed a scorpion
   658 | D:3      | Reached XP level 3. HP: 28/30 MP: 0/0
   658 | D:3      | Learned a level 1 spell: Shock
   939 | D:3      | Found a faded altar of an unknown god.
  1141 | D:3      | Reached XP level 4. HP: 29/37 MP: 0/0
  1528 | D:4      | Killed a scorpion
  1529 | D:4      | Reached skill level 4 in Fighting
  1529 | D:4      | Reached XP level 5. HP: 26/42 MP: 0/0
  1529 | D:4      | Learned a level 2 spell: Call Imp
  1954 | D:5      | Noticed an ogre
  1972 | D:5      | Killed an ogre
  1973 | D:5      | Reached XP level 6. HP: 41/49 MP: 0/0
  2075 | D:5      | Reached skill level 5 in Fighting
  2230 | D:5      | Noticed an ogre
  2262 | D:5      | Killed an ogre
  2311 | D:5      | Noticed a black bear
  2372 | D:5      | Killed a black bear
  2373 | D:5      | Reached XP level 7. HP: 4/55 MP: 0/0
  2373 | D:5      | Learned a level 2 spell: Static Discharge
  2734 | D:5      | Found Newoma's Book Shoppe.
  4089 | D:6      | Noticed a wyvern
  4108 | D:6      | Killed a wyvern
  4109 | D:6      | Reached skill level 6 in Fighting
  4510 | D:6      | Reached XP level 8. HP: 15/62 MP: 0/0
  4756 | D:6      | Slain by an ice beast

Illustrated notes

Levels and vault maps discovered:
D:2:      wad_lake_hut, layout_loops_corners
D:3:      layout_basic, shapermc_ecumenical_altar_starsandcircs, serial_glass,
          glass_columns_c, glass_columns_a, feat_on_display, item_on_display_a,
          feat_on_display, feat_on_display, hangedman_glass_teeth,
          minmay_increasing_density
D:4:      layout_gridville, minmay_temple_entry_overgrown
D:5:      layout_basic, serial_shops, nicolae_shop_pleasant_corner_grove
D:6:      layout_basic
Temple:   nicolae_temple_two_arcs

Skill      XL: |  1  2  3  4  5  6  7 |
---------------+----------------------+-----
Spellcasting   | 1 2 3 4 |  4.1
Conjurations   | 1 2 3 4 |  4.1
Hexes          | 1 2 3 4 |  4.1
Summonings     | 1 2 3 4 |  4.1
Necromancy     | 1 2 3 4 |  4.1
Translocations | 1 2 3 4 |  4.1
Transmutations | 1 2 3 4 |  4.1
Fire Magic     | 1 2 3 4 |  4.1
Ice Magic      | 1 2 3 4 |  4.1
Air Magic      | 1 2 3 4 |  4.1
Earth Magic    | 1 2 3 4 |  4.1
Poison Magic   | 1 2 3 4 |  4.1
Fighting       | 4 5 6 |  6.5
Long Blades    | |  1.7
Dodging        | |  2.1
Stealth        | |  4.1

Action                     |  1- 3 |  4- 6 |  7- 9 || total
---------------------------+-------+-------+-------++-------
  Melee: Falchion          |    91 |    17 |   122 ||   230
         Punch             |     2 |       |     1 ||     3
   Cast: Shock             |       |    42 |    16 ||    58
         Call Imp          |       |    13 |     5 ||    18
  Evoke: Wand              |       |       |     8 ||     8
   Stab: Sleeping          |     2 |     1 |     4 ||     7
 Armour: Leather armour    |    66 |    24 |    82 ||   172
  Dodge: Dodged            |    76 |    31 |    90 ||   197

Table legend: (Time is in decaauts)
 A = Elapsed time spent in this place.
 B = Non-inter-level travel time spent in this place.
 C = Inter-level travel time spent in this place.
 D = Time resting spent in this place.
 E = Time spent auto-exploring this place.
 F = Levels seen in this place.
 G = Mean time per level.
                   A        B        C        D        E       F      G
               +--------+--------+--------+--------+--------+-----+--------+
         Total |   4808 |   4445 |    363 |    153 |   3484 |   6 |  801.3 |
       Dungeon |   4807 |   4444 |    363 |    153 |   3484 |   5 |  961.4 |
        Temple |      1 |      1 |      0 |      0 |      0 |   1 |    1.0 |
               +--------+--------+--------+--------+--------+-----+--------+

Top non-repeatable levels by time:
     D:4: 1291 daAuts
     D:2: 969 daAuts
     D:3: 942 daAuts
     D:5: 879 daAuts
     D:6: 724 daAuts
  Temple: 1 daAuts
